Cogmind - Beta 16.1 @@@ ROGUE MODE // 2026.02.13 @ 00:20:35 Player: Rudrot Result: Destroyed by D-53 Grenadier with Mini Grenade Launcher Performance ------------- Evolutions (0) 0 Regions Visited (2) 400 Robots Destroyed (30) 150 Value Destroyed (644) 644 Prototype IDs (2) 40 Alien Tech Used (0) 0 Bonus (0) 0 TOTAL SCORE: 1234 Bonus ------- None Cogmind --------- Core Integrity 0/250 Matter 281/300 Energy 123/125 System Corruption 1% Temperature Cool (10) Movement Rolling (90) Location -10/Mines Parts ------- > --- POWER (1) -------- Light Ion Engine > --- PROPULSION (2) --- Wheel Compact Wheel > --- UTILITY (2) ------ Signal Interpreter Targeting Computer > --- WEAPON (2) ------- Beam Cannon Grenade Launcher > --- INVENTORY (5) ---- Light Ion Engine Heat Sink Improved Heat Sink Small Storage Unit Mining Laser Peak State ------------ > --- POWER ------------ Light Ion Engine > --- PROPULSION ------- Aluminum Leg Aluminum Leg > --- UTILITY ---------- Improved Heat Sink Small Storage Unit > --- WEAPON ----------- Small Laser Particle Gun > --- INVENTORY -------- Light Ion Engine Heat Sink Targeting Computer Small Laser Grenade Launcher [Rating: 10] Favorites ----------- Power Light Ion Engine Engine Light Ion Engine Propulsion Aluminum Leg Leg Aluminum Leg Wheel Wheel Utility Targeting Computer Device Improved Heat Sink Storage Small Storage Unit Processor Targeting Computer Weapon Small Laser Energy Gun Small Laser Energy Cannon Beam Cannon Launcher Grenade Launcher Special Weapon Mining Laser Build | -11 -10 -10 ------- Run | Yrd Mat Min Slots Evolved . | . . . Power . | . . . Propulsion . | . . . Utility . | . . . Weapon . | . . . Parts Attached 25 | 7 11 7 Power 5 | 1 3 1 Engine 5 | 1 3 1 Core . | . . . Reactor . | . . . Propulsion 7 | 2 3 2 Treads . | . . . Leg 5 | 2 3 . Wheel 2 | . . 2 Hover . | . . . Flight . | . . . Utility 5 | 2 3 . Device 2 | 1 1 . Storage 1 | 1 . . Processor 2 | . 2 . Hackware . | . . . Protection . | . . . Artifact . | . . . Weapon 8 | 2 2 4 Energy Gun 5 | 2 2 1 Energy Cannon 1 | . . 1 Ballistic Gun . | . . . Ballistic Cannon . | . . . Launcher 1 | . . 1 Special Weapon 1 | . . 1 Impact Weapon . | . . . Slashing Weapon . | . . . Piercing Weapon . | . . . Special Melee Weapon . | . . . Unidentified Prototypes . | . . . Parts Lost 12 | . 7 5 Power 4 | . 3 1 Propulsion 4 | . 2 2 Utility 1 | . 1 . Weapon 3 | . 1 2 Highest Loss Streak 4 | . 2 4 To Critical Strikes . | . . . Average Backups 3 | . 3 4 Power . | . . . Propulsion . | . . . Utility 2 | . 1 3 Weapon 1 | . 1 1 Tool/Special . | . . . Unused Backups 3 | 1 . 2 Power 2 | 1 . 1 Propulsion . | . . . Utility 1 | . . 1 Weapon . | . . . Tool/Special . | . . . Average Slot Usage (%) 93 | . 95 87 Engine 11 | . 11 11 Leg 19 | . 26 6 Wheel 4 | . . 14 Device 5 | . 8 . Storage 6 | . 9 . Processor 15 | . 9 28 Energy Gun 23 | . 28 12 Launcher 2 | . . 8 Peak Build Rating 10 | 7 10 8 Average Rating 7 | 5 8 6 On Entrance 5 | . 7 8 Avg Prop Armor Cover (%) . | . . . Naked Turns . | . . . Heaviest Build 13 | 11 13 9 Greatest Support 26 | 20 20 26 Greatest Overweight (x) 2 | 2 1 2 Average Overweight (x) . | . . . Largest Inventory Capacity 8 | 8 8 5 Average Capacity 6 | 7 6 5 Most Carried 5 | 1 5 5 Average Carried 3 | . 3 4 Final Capacity 8 | 8 5 5 Final Carried 5 | 1 5 5 Class Distribution -------------------- 55% | Mutant 44% | Scavenger-Mutant Dominant Class ---------------- Mutant | -10/Materials Mutant | -10/Mines Resources | -11 -10 -10 ----------- Run | Yrd Mat Min Matter Collected 556 | 270 107 179 Remotely . | . . . Salvage Created 1116 | 110 697 309 Parts 49 | 8 30 11 Haulers Intercepted . | . . . Recyclers Shooed 3 | . 1 2 Parts Field Recycled . | . . . Retrieved Matter . | . . . Parts Self-Destructed . | . . . Prevented . | . . . Parts Restored . | . . . Kills | -11 -10 -10 ------- Run | Yrd Mat Min Combat Hostiles Destroyed 16 | . 11 5 Guns 11 | . 11 . AOE 5 | . . 5 Classes Destroyed 8 | 2 5 1 Worker 3 | . 2 1 Tunneler 2 | 2 . . Recycler 6 | 1 3 2 Operator 1 | . 1 . Watcher 2 | . 2 . Swarmer 3 | . 3 . Grunt 11 | . 8 3 Sentry 2 | . . 2 Best Kill Streak 5 | 2 4 5 Combat Bots Only 5 | . 2 5 Max Kills in Single Turn 1 | 1 1 1 Gunslinging . | . . . Exploded 1 | . . 1 Melee . | . . . Uniques/NPCs Destroyed . | . . . Combat | -11 -10 -10 -------- Run | Yrd Mat Min Hostile Shots Fired 143 | . 93 50 Missed 48 | . 24 24 Hits 95 | . 69 26 Projectile 95 | . 69 26 AOE 3 | . . 3 Damage Taken 1288 | . 824 464 Core 271 | . 127 144 Absorbed by Shields . | . . . Core Remaining (%) 100 | 100 . . Volleys Fired 119 | 11 67 41 Largest 2 | 2 2 2 Hottest 105 | 80 105 100 Shots Fired 204 | 22 134 48 Gun 182 | 22 134 26 Cannon 1 | . . 1 Launcher 14 | . . 14 Special 7 | . . 7 Kinetic . | . . . Thermal 190 | 22 134 34 Explosive 14 | . . 14 Electromagnetic . | . . . Robot Hit Streak 11 | 11 11 8 Robot Miss Streak 8 | 2 8 3 Penetration Max . | . . . Secondary Targets 1 | . 1 . Max Gunslinging Chain 1 | . 1 . Shots Hit Robots 112 | 16 68 28 Core Hits 62 | 4 32 26 Critical Kills . | . . . Critical Parts Destroyed . | . . . Critical Strikes . | . . . Melee Attacks . | . . . Impact . | . . . Slashing . | . . . Piercing . | . . . Sneak Attacks . | . . . Combat Hostiles . | . . . Follow-up Attacks . | . . . Damage Inflicted 2021 | 180 858 983 Guns 1207 | 180 845 182 Cannons 18 | . . 18 Explosions 653 | . . 653 Melee . | . . . Ramming 23 | . 13 10 Kinetic . | . . . Thermal 1345 | 180 845 320 Explosive 653 | . . 653 Electromagnetic . | . . . Impact . | . . . Slashing . | . . . Piercing . | . . . Highest Corruption 1 | . 1 1 Average Corruption 1 | . 1 1 Corruption Purged . | . . . Corruption Blocked . | . . . Effects 6 | . 3 3 Message Errors 2 | . 1 1 Matter Fused 3 | . 2 1 Data Loss (minor) 1 | . . 1 Overload Shots . | . . . Overflow Damage 38 | . . 38 Projectiles 38 | . . 38 Explosions . | . . . Melee . | . . . Knockbacks . | . . . Impact . | . . . Kinetic . | . . . Secondary . | . . . Self-Inflicted Damage 3 | . . 3 Shots . | . . . Rammed 2 | . . 2 Targets Rammed 8 | . 4 4 Kicked 6 | . 4 2 Crushed . | . . . Highest Temperature 360 | 108 360 79 Average Temperature 80 | 51 99 31 Received Heat Transfer 531 | . 390 141 Siege Activations . | . . . Martial Activations . | . . . Shielding Activations . | . . . Robots Disrupted . | . . . Combat Hostiles . | . . . Robots Corrupted . | . . . Combat Hostiles . | . . . Parts Fried . | . . . Impact Corruptions . | . . . Robots Melted . | . . . Combat Hostiles . | . . . Parts Melted 4 | . 4 . Heat Transferred 3089 | 400 2002 687 Parts Sabotaged . | . . . Parts Stolen . | . . . Parts Stripped . | . . . Power Chain Reactions . | . . . Alert | -11 -10 -10 ------- Run | Yrd Mat Min Maximum Alert Level . | . . . Low Security (%) 100 | 100 100 100 Level 1 . | . . . Level 2 . | . . . Level 3 . | . . . Level 4 . | . . . Level 5 . | . . . High Security . | . . . Max Security . | . . . Peak Influence 98 | 10 89 98 Initial . | . . . Average 19 | 1 21 21 Influence Increases 653 | 15 379 259 Destroy 0b10 Robot/C 320 | . 220 100 Destroy 0b10 Robot/NC 85 | 15 40 30 Destroy Leader 64 | . 54 10 Successful Hack 5 | . 5 . Disable Machine 15 | . . 15 Destroy Structure 44 | . . 44 Lose Combat Pursuer 120 | . 60 60 Influence Decreases 653 | 15 379 259 Time Decay 553 | 15 329 209 Lost Part 100 | . 50 50 Squads Dispatched 3 | . 3 . Investigation . | . . . Extermination . | . . . Reinforcement 3 | . 3 . Assault . | . . . Garrison . | . . . Intercept . | . . . Searches Triggered . | . . . Construction Impeded . | . . . Haulers Reinforced . | . . . Active Scanning Responses . | . . . Cargo Convoy Interrupts . | . . . Stealth | -11 -10 -10 --------- Run | Yrd Mat Min Distress Signals 1 | . 1 . Communications Jammed . | . . . Distress Signals . | . . . Times Spotted 34 | . 22 12 Peak Tracking Total 6 | . 4 6 Tactical Retreats 6 | . 4 2 Traps | -11 -10 -10 ------- Run | Yrd Mat Min Traps Triggered 1 | . 1 . Indirectly . | . . . Trap Hack Attempts . | . . . Triggered . | . . . Disarmed . | . . . Reprogrammed . | . . . Reused . | . . . Traps Extracted . | . . . Installed . | . . . Triggered . | . . . Machines | -11 -10 -10 ---------- Run | Yrd Mat Min Machines Disabled 1 | . . 1 Max in Single Turn 1 | . . 1 Machines Repaired . | . . . Machines Dismantled . | . . . Machines Sabotaged . | . . . Overloaded Fab Kills . | . . . Hacking | -11 -10 -10 --------- Run | Yrd Mat Min Machines Accessed 1 | . 1 . Terminals 1 | . 1 . Fabricators . | . . . Repair Stations . | . . . Recycling Units . | . . . Scanalyzers . | . . . Garrison Access . | . . . Total Hacks 4 | . 4 . Successful 2 | . 2 . Failed 2 | . 2 . Catastrophic . | . . . Database Lockouts . | . . . Manual . | . . . Terminals 4 | . 4 . Fabricators . | . . . Repair Stations . | . . . Recycling Units . | . . . Scanalyzers . | . . . Garrison Access . | . . . Terminal Hacks 2 | . 2 . Prototype ID Bank 1 | . 1 . Hauler Manifests 1 | . 1 . Fabricator Hacks . | . . . Repair Station Hacks . | . . . Recycling Unit Hacks . | . . . Scanalyzer . | . . . Garrison Access Hacks . | . . . Unauthorized Hacks . | . . . Terminals . | . . . Fabricators . | . . . Repair Stations . | . . . Recycling Units . | . . . Scanalyzers . | . . . Garrison Access . | . . . Data Cores Recovered . | . . . Used . | . . . Hacking Detections . | . . . Full Trace Events . | . . . Feedback Events . | . . . Feedback Blocked . | . . . Robot Schematics Acquired . | . . . Robots Built . | . . . Authchips . | . . . Time . | . . . Total Robot Build Rating . | . . . Part Schematics Acquired . | . . . Parts Built . | . . . Authchips . | . . . Time . | . . . Total Part Build Rating . | . . . Part Studies Acquired . | . . . Parts Repaired . | . . . Time . | . . . Parts Recycled . | . . . Recycled Matter . | . . . Retrieved Matter . | . . . Retrieved Components . | . . . Parts Scanalyzed . | . . . Part Schematics Acquired . | . . . Parts Damaged . | . . . Bothacking | -11 -10 -10 ------------ Run | Yrd Mat Min Used RIF Installer . | . . . Robots Hacked . | . . . Non-combat . | . . . Combat . | . . . Robot Hacks Applied . | . . . Relay Couplers Released . | . . . Fabnet Peak Effective % . | . . . Robots Rewired . | . . . Allies Hacked . | . . . Hacks Repelled . | . . . Allies | -11 -10 -10 -------- Run | Yrd Mat Min Total Allies . | . . . Largest Group . | . . . Highest-Rated Group . | . . . Highest-Rated Ally . | . . . Total Orders . | . . . Ally Attacks . | . . . Total Damage . | . . . Kills . | . . . Allies Corrupted . | . . . Allies Melted . | . . . Intel | -11 -10 -10 ------- Run | Yrd Mat Min Active Infowar (turns) 311 | 18 293 . Seismic 311 | 18 293 . Robot Analysis Total . | . . . Derelict Logs Recovered 1 | . . 1 Drone Launches . | . . . Drone Recoveries . | . . . Exploration | -11 -10 -10 ------------- Run | Yrd Mat Min Turns Passed 2086 | 154 1295 637 Spaces Moved 1462 | 93 833 536 Core 119 | 11 . 108 Treads . | . . . Legs 1022 | 82 833 107 Wheels 321 | . . 321 Hover . | . . . Flight . | . . . Fastest Speed 50 | 50 120 50 Average Speed 111 | 117 121 95 Slowest Speed 190 | 150 190 150 Overloaded Moves . | . . . Propulsion Burnouts . | . . . Robots Hopped . | . . . Potential Cave-ins . | . . . Cave-ins Triggered . | . . . Exploration Rate (%) 43 | 4 66 59 Regions Visited 2 Branch Regions 1 Pre-discovered Areas 1 | . . 1 Known Exits Taken 1 | . 1 . Unknown Exits Taken 1 | 1 . . Scrap Searched 1 | . . 1 Spaces Dug . | . . . Terrain Destroyed 67 | . . 67 Melee . | . . . Projectile 1 | . . 1 AOE 66 | . . 66 Terrain Rammed . | . . . Walls Destroyed . | . . . Machines Disabled . | . . . Actions | -11 -10 -10 --------- Run | Yrd Mat Min Total 1690 | 113 980 597 Wait 63 | . 57 6 Move 1460 | 92 832 536 Hop . | . . . Pick Up 7 | 2 4 1 Fast Attach 18 | 7 6 5 Attach 4 | . 3 1 Detach 2 | . 2 . Swap 5 | . 3 2 Drop 4 | 1 2 1 Fire 119 | 11 67 41 Melee . | . . . Ram 2 | . . 2 Kick 6 | . 4 2 Crush . | . . . Escape Stasis . | . . . Rewire . | . . . Trap . | . . . Miscellaneous . | . . . Route ------- -11/Scrapyard -10/Materials (discovered 5 exits: *Mat x2 / *Min x2 / [*Sub]) -10/Mines (discovered 1 exit: *Mat) History --------- Turn | Location | Event 18 | -11/Scrapyard | Discovered new exit (range 14) 155 | -11/Scrapyard | Entered Materials 310 | -10/Materials | Build established: Mutant 651 | -10/Materials | Discovered new exit (range 5) 740 | -10/Materials | Discovered new exit (range 16) 959 | -10/Materials | Discovered new exit (range 3) 988 | -10/Materials | Discovered new exit (range 13) 1048 | -10/Materials | Identified exit to Mines 1068 | -10/Materials | Discovered new exit (range 13) 1082 | -10/Materials | Identified exit to Materials 1093 | -10/Materials | Build established: Scavenger-Mutant 1132 | -10/Materials | Core integrity fell below 50% 1450 | -10/Materials | Entered Mines 1624 | -10/Mines | Lost 4 parts (1p2n1w) 1837 | -10/Mines | Discovered exit to Materials (range 6) 2072 | -10/Mines | Assembled infested the area 2077 | -10/Mines | Assisted by a Guerilla fighting off Assembled 2085 | -10/Mines | Core integrity fell below 20% 2087 | -10/Mines | Destroyed by D-53 Grenadier with Mini Grenade Launcher Last Messages --------------- 01986_ Acquired Beam Cannon. 01999_ System corrupted: Matter fused (-5). 02045_ System corrupted: Component data lost. 02064_ Acquired 6 matter. 02071_ K-01 Serf collects debris. 02072_ ALERT: Infestation in the mines, dispatching Demolisher response squad. 02075_ K-01 Serf collects debris. 02077_ A derelict emerges from the shadows: "You need to get out of here! I've been tracking a group of Assembled to figure out where they're coming from, and they're closing on this area, come on!" 02083_ C-45 Heavy ARC bursts open, deploying its payload. 02083_ D-53 Grenadier unfolds itself. 02083_ U-05 Engineer lays Concrete. 02084_ T-07 Excavator destroyed. 02084_ KE-WA4(h): "I'll hold them off! Go on ahead or try to find another way!" Map ----- +----------------------------------------------------+ | ????????????????????????????## #???????????????? | | ???????????????????????????## ####?????######? | | ??????????????????????????## ##??## ## | | ??????????????????????????# #??# # | | ??????????????????????????# #### # | | ???????????????????????????# ## # | | ????????????????????????????# | | ?????????????????????????????# | | ??????????????????????????????# # | | ??????????????????????????????## ### | | ???????????????????????????????# ###?? | | ?????????????????? ???????????## ##??## | | ??????????????????# ???????????## ## #??# | | ??????????????????# ????????????## ### #?# | | ??????????????????# ??#??????????# ##?# ## | | ?????????????????## ## ??????????# ##??# | | ????????????????## ??????????# #???# # | | ????????????????# ??????????# #?### # | | ????????????????# ??????????# ### # | | ???????????????## ??????????# # | | ???????????????? #??????????# ## | | ???????? """ #??????????##### #? | | ???????? """ ########?###### #? | | ???????# """ # # ### ## ## | | ????????# k % t t # | | ????????# @ ! ! k ## | | ???????# ##### h #### #### # | | ???????# ???????# #?## ##??## #### | | ????????# ??????????## #??## ##????# ##??? | | ???????????????????#### #???###?????# ##??? | | ??????????????????## r ##??????????# #??? | | ??????????????????# ##?????????# #??? | | ????????########### ##????????# ##?? | | ??????? #????????# ### | | ??????? d d #????????# # | | ??????????########## ##????????# | | ????????????## #### ##????????## | | ???????????## # % ##????????### | | ???????????# #???????## | | ???????????# #???????#### | | ??????????# # # #??????????? | | ?????????# ### #######"# #??????????? | | ?????????# ##?## #" ###### ##??????????? | | ?????????## ##?### !######??? ##??######???? | | ??????????#####??# ###"#???# ##??##"[|"##??? | | ?????????????????# ##????###???#""!/""#??? | | ?????????????????## ! %|##?????????# #??? | | ??????????????????##! #?????????## ##??? | | ????"??????????????## < !#?????????###++###??? | | ???? ???????????????# % ##?????????# #??? | +----------------------------------------------------+ Best States ------------- Heat Dissipation 39 Energy Generation 10 Energy Capacity 125 Matter Stores 300 Matter Capacity 300 Sight Range 16 Terrain Scan Density 10 Evasion (%) 55 Targeting Accuracy 5 Item Schematics ----------------- None Robot Schematics ------------------ None Fabricated ------------ Nothing Repaired ---------- Nothing Studied --------- None Alien Tech Used ----------------- None Achievements -------------- None Challenges ------------ None Game ------ Seed MetamassSupersonicShotgun Manual? 0 Play Time 00:17:02 Cumulative 37.1 hours Start 2026.02.13 @ 00:03:28 End 2026.02.13 @ 00:20:35 Sessions 1 Manual Loads 0 Difficulty Rogue Special Mode None Game No. 42 Rogue 42 Adventurer 0 Explorer 0 Win Type - Total 0 Types 0/0/0/0/0/0/0/0/0/0 Lore% 16 Gallery% 16 Achievement% 15 Wizard Run 0 Options --------- Layout 1 ASCII 0 Keyboard 1 Movement Numpad Keybinds 0 Fullscreen 2 Font 24/Cog Map View 50x35 Zoom Use 0% Tactical HUD 1 Map Filters NONE Filters NONE Steam 1 RUN: ed5d6dca-c895-4cde-8200-ef2c50397979